 Dungeon Crawl Stone Soup version 0.20.0-8-g6b59dc7 (webtiles) character file.

6108 Raukatau the Archer (level 10, -1/90 HPs)
             Began as a Centaur Hunter on June 2, 2017.
             Was an Elder of Okawaru.
             Slain by dricus's ghost (19 damage)
             ... on level 10 of the Dungeon.
             The game lasted 02:18:16 (14047 turns).

Raukatau the Archer (Centaur Hunter)               Turns: 14047, Time: 02:18:17

Health: -1/90      AC: 10    Str: 14    XL:     10   Next: 58%
Magic:  10/10      EV: 10    Int: 19    God:    Okawaru [****..]
Gold:   521        SH:  0    Dex: 13    Spells: 9/9 levels left

rFire    . . .     SeeInvis .   N - +0 trident
rCold    . . .     Gourm    .   (no shield)
rNeg     . . .     Faith    .   J - +1 robe {MR+}
rPois    +         Spirit   .   l - +0 helmet
rElec    .         Reflect  .   (no cloak)
rCorr    .         Harm     .   i - +2 pair of gloves of Fajoa {Int+8}
MR       +....                  (no barding)
Stlth    ++........             F - amulet of rage
Regen    0.3/turn               y - ring of stealth
MPRegen  0.2/turn               B - ring of poison resistance

@: berserk cooldown, very quick
A: hooves 3, deformed body, speed 2, tough skin 3
a: Heroism, Renounce Religion, Evoke Berserk Rage


You were on level 10 of the Dungeon.
You worshipped Okawaru.
Okawaru was greatly pleased with you.
You were near starving.

You visited 2 branches of the dungeon, and saw 11 of its levels.
You also visited: Ossuary and Bailey.

You collected 611 gold pieces.
You spent 90 gold pieces at shops.

Inventory:

Hand Weapons
 a - a +2 shortbow of freezing
 b - a +2 short sword of venom
 p - a +0 shortbow of flaming
 N - a +0 trident (weapon)
Missiles
 w - 2 javelins (quivered)
 D - 88 arrows
Armour
 h - a +3 ring mail
 i - the +2 pair of gloves of Fajoa (worn) {Int+8}
   (You found it on level 4 of the Dungeon)

   It affects your intelligence (+8).
 l - a +0 helmet (worn)
 m - a +2 leather armour of positive energy
 J - a +1 robe of magic resistance (worn)
Jewellery
 d - an uncursed ring of ice
 y - a ring of stealth (left hand)
 B - a ring of poison resistance (right hand)
 F - an amulet of rage (around neck)
 V - an uncursed ring of fire
Wands
 c - a wand of lightning (1/15)
 e - a wand of digging (10/24)
 g - a wand of digging (0/24)
 n - a wand of digging (18/24)
 v - a wand of polymorph (17/24)
 Y - a wand of scattershot (6/9)
 Z - a wand of confusion (24/48)
Scrolls
 j - a scroll of acquirement {unknown}
 q - 5 scrolls of remove curse
 r - 8 scrolls of teleportation
 x - 3 scrolls of fog
 H - 3 scrolls of identify
 L - a scroll of immolation
 M - 2 scrolls of recharging
 P - 3 scrolls of blinking
 R - a scroll of amnesia
 S - 2 scrolls of enchant armour
Potions
 k - a potion of might
 o - 3 potions of agility
 s - 3 potions of ambrosia
 t - 2 potions of haste {unknown}
 A - 3 potions of curing
 C - 4 potions of flight
 E - a potion of resistance
 O - a potion of invisibility {unknown}
 Q - 2 potions of brilliance {unknown}
 T - 2 potions of berserk rage {unknown}
 U - a potion of mutation {unknown}
 W - a potion of heal wounds {unknown}
Books
 u - a book of Clouds

   Spells                             Type                      Level
   a - Poisonous Vapours              Poison/Air                   2
   b - Mephitic Cloud                 Conjuration/Poison/Air       3
   c - Conjure Flame                  Conjuration/Fire             3
   d - Freezing Cloud                 Conjuration/Ice/Air          6
   e - Ring of Flames                 Charms/Fire                  7
 I - a book of Misfortune

   Spells                             Type                      Level
   a - Confusing Touch                Hexes                        1
   b - Confuse                        Hexes                        3
   c - Gell's Gravitas                Translocation                3
   d - Petrify                        Transmutation/Earth          4
   e - Metabolic Englaciation         Hexes/Ice                    5
   f - Yara's Violent Unravelling     Hexes/Transmutation          5
Comestibles
 f - 9 bread rations
 z - 3 meat rations
 G - 2 royal jellies
 K - a fruit


   Skills:
 + Level 8.6 Fighting
 - Level 14.2 Bows
 + Level 6.1 Armour
 + Level 2.6 Dodging
 - Level 0.4 Stealth


You had 9 spell levels left.
You didn't know any spells.

Dungeon Overview and Level Annotations

Branches:
Dungeon (10/15)            Temple (1/1) D:4
   Lair: D:8-11         Orc: D:9-12

Altars:
Ashenzari
Dithmenos
Elyvilon
Fedhas
Gozag
Hepliaklqana
Kikubaaqudgha
Makhleb
Nemelex Xobeh
Okawaru
Qazlal
Sif Muna
Trog
Uskayaw
Vehumet
Xom
Yredelemnul
Zin
The Shining One

Annotations:
D:10 dricus's ghost, journeyman GrGl


Innate Abilities, Weirdness & Mutations

You have hooves in place of feet.
Armour fits poorly on your strangely shaped body.
You cover ground very quickly.
You have extremely tough skin. (AC +3)


Message History

You see here 7 arrows.
You see here 11 arrows.
Dricus's ghost hits you!!
* * * LOW HITPOINT WARNING * * *
x2 You see here 6 arrows.
You see here 9 arrows.
You see here 7 arrows.
You see here 2 arrows.
You see here 3 arrows.
Things that are here:
a javelin; 8 arrows You see here an arrow.
You see here 4 arrows.
You see here 6 arrows.
You feel better.
You feel yourself speed up. Dricus's ghost hits you!
* * * LOW HITPOINT WARNING * * *
x2 Dricus's ghost hits you!!
You die...

#.# #..# ##)## ####
##.# #.# ##.##
#...##..# #.####.##
#........## #..##.##
#.........## ####.....#
#######.(..###.......##
##..........)..#
##.............#
##..((((@..###..#
######..(#####W.# #..#
........## #(.# #..#
.###....######(.# #..#
### ###(.((((.(..# #..#
#.. #.....(.(.## #..#
#.. #.(######## #..##
##. ##(## ##..## ##
##..# ##..##


You could see dricus's ghost.

Vanquished Creatures
  Erolcha (D:9)
  An orc knight (Bailey)
  Joseph (D:8)
  2 hippogriffs
  A hungry ghost (D:10)
  Menkaure (Ossuary)
  2 phantoms
  2 sky beasts
  4 orc warriors (Bailey)
  The ghost of Kosschaser the Chopper, an amateur HOGl (D:3)
  2 ogres (D:5)
  5 centaurs
  A big kobold (D:10)
  3 bullfrogs
  A gnoll sergeant (D:5)
  2 scorpions
  5 wights (D:7)
  A howler monkey (D:4)
  5 crimson imps
  A bullfrog zombie (D:10)
  4 centaur zombies (Ossuary)
  7 hounds
  5 orc priests
  2 centaur skeletons
  A human zombie (Ossuary)
  2 jellies (D:8)
  2 orc wizards
  2 gnoll shamans (D:7)
  Jessica (D:2)
  Natasha (thrice) (D:2)
  3 iguanas
  4 worker ants
  An ogre zombie (Ossuary)
  6 mummies (Ossuary)
  4 hound skeletons
  3 worker ant zombies
  Robin (D:2)
  22 gnolls
  2 howler monkey skeletons
  13 adders
  3 shadow imps
  An ooze (D:2)
  2 adder zombies (Ossuary)
  3 adder skeletons
  4 worms
  2 dart slugs
  5 leopard geckos
  22 orcs
  A ball python (D:6)
  14 bats
  8 giant cockroaches
  A gnoll zombie (Ossuary)
  17 goblins
  14 hobgoblins
  4 jackals
  24 kobolds
  12 quokkas
  6 frilled lizards
  4 goblin zombies (Ossuary)
  6 hobgoblin zombies (Ossuary)
  3 kobold zombies (Ossuary)
  An orc zombie (Ossuary)
  A quokka skeleton (D:5)
  5 quokka zombies (Ossuary)
  7 rats
  2 rat zombies (Ossuary)
302 creatures vanquished.

Notes
Turn   | Place    | Note
-------+----------+-------------------------------------------
     0 | D:1      | Raukatau the Centaur Hunter began the quest for the Orb.
     0 | D:1      | Reached XP level 1. HP: 17/17 MP: 1/1
   362 | D:1      | Reached skill level 6 in Bows
   362 | D:1      | Reached XP level 2. HP: 24/24 MP: 2/2
   838 | D:1      | Reached XP level 3. HP: 29/29 MP: 3/3
  1093 | D:2      | Noticed Natasha
  1149 | D:2      | Reached skill level 7 in Bows
  1181 | D:2      | Noticed Robin
  1184 | D:2      | Noticed Jessica
  1216 | D:2      | Killed Jessica
  1216 | D:2      | Reached XP level 4. HP: 29/36 MP: 4/4
  1217 | D:2      | Killed Robin
  1348 | D:2      | Reached skill level 8 in Bows
  1362 | D:2      | Killed Natasha
  1369 | D:2      | Reached XP level 5. HP: 39/41 MP: 5/5
  1391 | D:2      | Found an opulent altar of Gozag.
  1438 | D:2      | Noticed Natasha
  1443 | D:2      | Killed Natasha
  1578 | D:2      | Noticed Natasha
  1586 | D:2      | Killed Natasha
  1586 | D:2      | Reached skill level 9 in Bows
  2402 | D:3      | Reached XP level 6. HP: 37/48 MP: 6/6
  2843 | D:3      | Noticed Kosschaser's ghost (amateur HOGl)
  3173 | D:3      | Killed Kosschaser's ghost
  3173 | D:3      | Reached skill level 10 in Bows
  3766 | D:4      | Reached XP level 7. HP: 54/55 MP: 7/7
  3772 | D:4      | Found a sparkling altar of Nemelex Xobeh.
  3817 | D:4      | Reached skill level 11 in Bows
  4582 | D:4      | Found a staircase to the Ecumenical Temple.
  4596 | Temple   | Entered the Ecumenical Temple
  4664 | Temple   | Became a worshipper of Warmaster Okawaru
  4765 | D:4      | Found a bloodstained altar of Trog.
  4954 | D:4      | Got a pair of encrusted gloves
  4960 | D:4      | Identified the +2 pair of gloves of Fajoa {Int+8} (You found it on level 4 of the Dungeon)
  5101 | D:5      | Entered Level 5 of the Dungeon
  5144 | D:5      | Reached skill level 12 in Bows
  5517 | D:5      | Reached * piety under Okawaru
  5517 | D:5      | Reached XP level 8. HP: 61/61 MP: 8/8
  5541 | D:5      | Reached skill level 13 in Bows
  6410 | D:6      | Found Zin's Purification Station.
  6415 | D:6      | Found a glowing silver altar of Zin.
  6473 | D:6      | Bought a potion of curing for 90 gold pieces
  6778 | D:6      | Reached skill level 14 in Bows
  7202 | D:6      | Found a hide-covered altar of Uskayaw.
  7204 | D:6      | Found a shadowy altar of Dithmenos.
  7293 | D:7      | Reached skill level 1 in Armour
  7483 | D:7      | Reached ** piety under Okawaru
  7651 | D:7      | Reached XP level 9. HP: 71/71 MP: 9/9
  8616 | D:8      | Noticed Joseph
  8749 | D:8      | Found a sand-covered staircase.
  8753 | Ossuary  | Entered an ossuary
  9115 | Ossuary  | Reached skill level 5 in Fighting
  9463 | Ossuary  | Noticed Menkaure
  9493 | Ossuary  | Killed Menkaure
 10591 | D:8      | Reached *** piety under Okawaru
 10766 | D:8      | Killed Joseph
 11155 | D:9      | Found a flagged portal.
 11165 | Bailey   | Entered a bailey
 11207 | Bailey   | Noticed an orc knight
 11314 | Bailey   | Got an ebony hunting sling
 11396 | Bailey   | Reached XP level 10. HP: 86/86 MP: 10/10
 11417 | Bailey   | Reached **** piety under Okawaru
 11417 | Bailey   | Reached skill level 5 in Armour
 11433 | Bailey   | Killed an orc knight
 12485 | D:9      | Noticed Erolcha
 12518 | D:9      | HP: 2/88 [Erolcha/crystal spear (51)]
 12526 | D:10     | Entered Level 10 of the Dungeon
 12875 | D:10     | Noticed dricus's ghost (journeyman GrGl)
 13009 | D:9      | Killed Erolcha
 13009 | D:9      | Received a gift from Okawaru
 14047 | D:10     | Slain by dricus's ghost

Skill      XL: |  1  2  3  4  5  6  7  8  9 10 |
---------------+-------------------------------+-----
Bows           | 6 7 8 9 10 12 14 | 14.2
Armour         | 2 4 6 |  6.1
Fighting       | 4 7 8 |  8.6
Dodging        | 2 |  2.6
Stealth        | |  0.4

Action                   |  1- 3 |  4- 6 |  7- 9 | 10-12 || total
-------------------------+-------+-------+-------+-------++-------
Melee: Short sword       |    59 |   138 |   461 |    45 ||   703
       Kick              |     6 |    26 |   121 |    13 ||   166
       Trident           |       |       |       |     3 ||     3
 Fire: Shortbow          |    53 |    60 |   345 |   266 ||   724
Throw: Javelin           |     2 |    12 |    18 |     5 ||    37
Invok: Heroism           |       |       |       |     1 ||     1
 Abil: Evoke Berserk Rag |       |       |       |     2 ||     2
Evoke: Wand              |       |       |       |     4 ||     4
  Use: Scroll            |    13 |     2 |     5 |     2 ||    22
       Potion            |       |       |     2 |     5 ||     7
 Stab: Sleeping          |       |       |     3 |       ||     3
  Eat: Chunk             |       |     5 |    15 |     8 ||    28
       Meat ration       |       |     1 |       |       ||     1
       Fruit             |       |       |     2 |     1 ||     3
Armor: Leather armour    |    22 |    46 |    15 |       ||    83
       Skin              |       |     8 |       |       ||     8
       Ring mail         |       |       |   224 |    40 ||   264
       Robe              |       |       |       |     1 ||     1
Dodge: Dodged            |    20 |    49 |   199 |    27 ||   295
